AoeStats
← AxingQuestions

Fortress

508760819Analyzed
4v4 RM · 7d ago on Sep 23, 2026· 44m 14s· 8 players
Game mode
Random Map
Map size
Huge
Population
200
Speed
Normal
Resources
Standard
Victory
Conquest
Starting age
Dark Age
Ending age
Imperial Age
RankedLock teamsTeams togetherTeam positionsShared explorationLock speedFull tech treeHidden civsTurbo modeCheats
Victory
Defeat
🇺🇸 Slavs · United States
1207
+13
🇲🇽 Franks · Mexico
1180
+14
🇹🇼 Portuguese · Taiwan
1137
+16
🇮🇱 Vikings · Israel
1127
+16
🇵🇪 Burgundians · Peru
1174
-16
🇨🇴 Bohemians · Colombia
1159
-16
🇲🇽 Berbers · Mexico
1114
-14
1091
-13
Cochiloco2000
0:42 Loom
9:23 Feudal Age
15:55 Castle Age
15:59 Wheelbarrow
15:21 Double-Bit Axe
18:58 Husbandry
19:12 Gold Mining
20:36 Bow Saw
21:00 Scale Barding Armor
21:06 Forging
21:14 Pikeman
28:07 Imperial Age
26:16 Iron Casting
26:21 Chain Barding Armor
29:15 Gold Shaft Mining
28:40 Cavalier
30:46 Plate Barding Armor
32:43 Paladin
36:10 Blast Furnace
AxingQuestions
0:30 Loom
7:37 Feudal Age
9:27 Double-Bit Axe
11:51 Castle Age
9:41 Horse Collar
12:54 Bow Saw
12:53 Heavy Plow
20:15 Wheelbarrow
22:19 Hand Cart
21:51 Town Watch
23:59 Town Patrol
24:23 Forging
25:44 Iron Casting
25:45 Scale Barding Armor
26:22 Detinets
26:35 Detinets
27:38 Scale Mail Armor
30:56 Imperial Age
29:03 Chain Mail Armor
29:09 Chain Barding Armor
28:11 Pikeman
28:52 Squires
30:05 Stone Mining
30:06 Gold Mining
31:57 Conscription
31:38 Druzhina
32:16 Hoardings
31:03 Elite Boyar
32:19 Plate Mail Armor
31:51 Halberdier
34:21 Blast Furnace
34:44 Plate Barding Armor
35:32 Two-Man Saw
35:10 Gold Shaft Mining
35:00 Murder Holes
35:17 Fortified Wall
35:55 Masonry
36:48 Chemistry
36:40 Caravan
36:57 Fletching
38:18 Siege Engineers
40:28 Onager
41:48 Siege Onager
救不了你
9:29 Feudal Age
10:49 Double-Bit Axe
13:20 Castle Age
12:27 Gold Mining
15:00 Loom
19:23 Imperial Age
17:31 Bow Saw
22:43 Chemistry
24:56 Two-Man Saw
25:54 Scale Barding Armor
25:50 Scale Mail Armor
26:00 Forging
26:32 Husbandry
26:45 Bloodlines
27:46 Elite Organ Gun
29:25 Chain Barding Armor
29:20 Chain Mail Armor
29:40 Iron Casting
30:08 Siege Engineers
31:33 Caravan
31:05 Light Cavalry
34:44 Arquebus
35:05 Fortified Wall
40:27 Conscription
40:47 Coinage
40:56 Plate Barding Armor
40:36 Chain Mail Armor
40:56 Iron Casting
43:30 Cavalier
44:46 Banking
44:27 Guilds
44:10 Fletching
44:20 Padded Archer Armor
44:57 Iron Casting
44:52 Plate Mail Armor
Mike
7:14 Feudal Age
11:15 Castle Age
9:50 Double-Bit Axe
9:46 Horse Collar
12:26 Bow Saw
16:20 Heavy Plow
16:26 Loom
17:42 Gold Mining
20:07 Gold Shaft Mining
20:03 Scale Mail Armor
20:13 Forging
20:36 Squires
20:53 Chain Mail Armor
22:01 Iron Casting
22:23 Pikeman
22:49 Arson
27:46 Imperial Age
29:04 Plate Mail Armor
27:55 Elite Varangian Guard
27:56 Capped Ram
29:39 Blast Furnace
29:41 Chieftains
32:30 Siege Ram
arsmx
6:35 Feudal Age
13:31 Castle Age
13:11 Double-Bit Axe
13:16 Horse Collar
16:54 Heavy Plow
17:20 Husbandry
17:32 Bloodlines
18:41 Town Watch
20:15 Scale Barding Armor
23:16 Forging
23:28 Town Patrol
24:12 Bow Saw
26:58 Chain Barding Armor
27:58 Wheelbarrow
27:36 Kasbah
31:41 Imperial Age
29:29 Stone Mining
29:30 Gold Mining
31:17 Light Cavalry
31:56 Fletching
32:12 Kasbah
32:34 Hand Cart
33:04 Conscription
33:21 Hussar
38:03 Plate Barding Armor
38:50 Elite Camel Archer
39:32 Bodkin Arrow
adrian_mg123
9:43 Feudal Age
11:35 Double-Bit Axe
11:37 Horse Collar
11:56 Loom
14:28 Castle Age
15:25 Wheelbarrow
16:39 Fervor
17:25 Sanctity
20:37 Padded Archer Armor
26:45 Imperial Age
24:42 Leather Archer Armor
24:39 Squires
25:51 Hand Cart
26:07 Forging
26:03 Scale Mail Armor
27:23 Wagenburg Tactics
28:24 Chemistry
27:45 Ballistics
27:57 Conscription
26:59 Elite Hussite Wagon
27:13 Pikeman
29:08 Fortified Wall
28:54 Murder Holes
29:33 Halberdier
30:46 Ring Archer Armor
31:11 Chain Mail Armor
31:31 Iron Casting
EminenceShadow
5:05 Double-Bit Axe
8:13 Wheelbarrow
10:05 Feudal Age
8:51 Horse Collar
9:00 Loom
11:45 Bow Saw
14:18 Castle Age
12:44 Forging
12:39 Scale Barding Armor
15:09 Hand Cart
15:06 Gold Mining
19:34 Cavalier
20:15 Husbandry
27:58 Imperial Age
29:13 Conscription
30:27 Paladin
33:37 Chemistry
32:05 Paladin
33:25 Fletching
33:56 Chain Barding Armor
Estoy como loquita
7:42 Feudal Age
12:00 Castle Age
10:49 Horse Collar
10:55 Double-Bit Axe
18:01 Light Cavalry
18:42 Husbandry
24:56 Imperial Age
23:13 Forging
23:08 Scale Barding Armor
23:13 Forging
23:08 Scale Barding Armor
23:31 Loom
24:22 Wheelbarrow
25:54 Chain Barding Armor
26:09 Iron Casting
26:59 Gold Mining
29:11 Onager
30:11 Hussar
31:33 Iron Casting
31:33 Plate Barding Armor
31:33 Iron Casting
31:33 Plate Barding Armor
35:04 Hand Cart
37:10 Chemistry
36:57 Padded Archer Armor
39:41 Leather Archer Armor
Connection lost

Rejoining the realm…

Still unreachable

The connection could not be restored.

Session expired

The server has moved on; the page needs a fresh start.